 Dungeon Crawl Stone Soup version 0.25-a0-404-gc1b5a34292 (webtiles) character file.

Game seed: 3120809314980801772, levelgen mode: deterministic

69 Flugkiller the Sneak (level 4, -2/33 HPs)
             Began as a Vampire Skald on Jan 11, 2020.
             Slain by a gnoll
             ... wielding a +0 flail
              (13 damage)
             ... on level 2 of the Dungeon.
             The game lasted 00:02:02 (1254 turns).

Flugkiller the Sneak (Vampire Skald)                Turns: 1254, Time: 00:02:03

Health: -2/33      AC:  3    Str: 10    XL:     4   Next: 2%
Magic:  3/7        EV: 12    Int: 15    God:
Gold:   10         SH:  0    Dex: 14    Spells: 4/7 levels left

rFire    . . .     SeeInvis +   a - +0 falchion
rCold    . . .     Gourm    .   (no shield)
rNeg     . . .     Faith    .   b - +0 leather armour
rPois    .         Spirit   .   (no helmet)
rElec    .         Reflect  .   (no cloak)
rCorr    .         Harm     .   (no gloves)
MR       .....                  (no boots)
Stlth    ++........             (no amulet)
HPRegen  0.31/turn              (no ring)
MPRegen  0.10/turn              (no ring)

@: infused, regenerating quickly
A: no food, fangs 3, see invisible, unbreathing
a: Exsanguinate


You were on level 2 of the Dungeon.
You were alive.

You visited 1 branch of the dungeon, and saw 2 of its levels.

You collected 10 gold pieces.

Inventory:

Hand Weapons
 a - a +0 falchion (weapon)
Armour
 b - a +0 leather armour (worn)
Jewellery
 f - a +6 ring of strength {unknown}
   (You found it on level 1 of the Dungeon)
Scrolls
 c - a scroll of random uselessness {unknown}
 d - a scroll of fear {unknown}
 g - a scroll of enchant weapon {unknown}
 h - a scroll of teleportation {unknown}
 i - a scroll of remove curse {unknown}
Potions
 e - a potion of degeneration {unknown}


   Skills:
 + Level 2.2 Fighting
 + Level 2.5 Long Blades
 - Level 0.7 Armour
 + Level 2.7 Dodging
 - Level 4.0 Stealth
 - Level 2.0 Spellcasting
 - Level 3.2 Charms


You had 4 spell levels left.
You knew the following spells:

 Your Spells              Type           Power        Failure   Level  Hunger
a - Infusion              Chrm           ##..         8%          1    N/A
b - Shroud of Golubria    Chrm/Tloc      #.....       24%         2    N/A

Your spell library contained the following spells:

 Spells                   Type           Power        Failure   Level  Hunger
 Song of Slaying          Chrm           ##......     12%         2    N/A
 Ozocubu's Armour         Chrm/Ice       #.......     43%         3    N/A
 Spectral Weapon          Hex/Chrm       #.......     43%         3    N/A

Dungeon Overview and Level Annotations

Branches:
Dungeon (2/15)

Altars:


Innate Abilities, Weirdness & Mutations

You do not eat.
Your natural rate of healing is unusually fast.
You have razor-sharp teeth.
You have supernaturally acute eyesight. (SInv)
You can survive without breathing.


Message History

You climb downwards.
There is a stone staircase leading up here.
Unknown command.
Casting: Infusion (safe; 8% risk of failure)
Confirm with . or Enter, or press ? or * to list all spells.
You begin infusing your attacks with magical energy.
The gnoll shouts!
You hit the gnoll!
The gnoll is heavily wounded.
The gnoll hits you. The gnoll hits you.
You climb upwards.
There is a stone staircase leading down, spattered with blood here.
Unknown command.
Unknown command.
You hit the gnoll.
The gnoll is almost dead.
The gnoll barely misses you.
You closely miss the gnoll.
The gnoll is almost dead.
The gnoll hits you but does no damage. The gnoll closely misses you.
You hit the gnoll.
You kill the gnoll!
You have reached level 4!
You start resting.
Your magical infusion is running out.
You are no longer magically infusing your attacks.
You start resting.
Magic restored.
Casting: Infusion (safe; 8% risk of failure)
Confirm with . or Enter, or press ? or * to list all spells.
You begin infusing your attacks with magical energy.
You climb downwards.
The gnoll hits you with a +0 flail. The worm completely misses you.
There is a stone staircase leading up here.
You hit the worm. You bite the worm.
The worm is heavily wounded.
The gnoll closely misses you. The worm bites you!
You hit the worm.
The worm is almost dead.
The gnoll hits you with a +0 flail!
* * * LOW HITPOINT WARNING * * *
The worm closely misses you. The gnoll hits you with a +0 flail.
* * * LOW HITPOINT WARNING * * *
Unknown command.
You hit the gnoll! You bite the gnoll, but do no damage.
The gnoll is severely wounded.
The gnoll hits you with a +0 flail!
You die...

#. #g ## #. .#
#g####.##
#g#.. ..#
#.####.#.# ..#
#......#.##..#
#.......wg@..#
#.##########.#
#


You could see a worm and a gnoll.

Vanquished Creatures
  2 gnolls (D:1)
  An adder (D:2)
  An ooze (D:1)
  A worm (D:2)
  A dart slug (D:2)
  A leopard gecko (D:1)
  2 bats (D:1)
  3 goblins (D:1)
  4 hobgoblins (D:1)
  2 jackals (D:1)
  4 kobolds (D:1)
  A frilled lizard (D:1)
  9 rats (D:1)
32 creatures vanquished.

Notes
Turn   | Place    | Note
-------+----------+-------------------------------------------
     0 | D:1      | Flugkiller the Vampire Skald began the quest for the Orb.
     0 | D:1      | Reached XP level 1. HP: 16/16 MP: 3/3
    39 | D:1      | Reached skill level 1 in Stealth
   108 | D:1      | Reached skill level 2 in Stealth
   162 | D:1      | Reached XP level 2. HP: 22/22 MP: 5/5
   162 | D:1      | Reached skill level 3 in Stealth
   289 | D:1      | Learned a level 2 spell: Shroud of Golubria
   414 | D:1      | Reached skill level 4 in Stealth
   488 | D:1      | Reached XP level 3. HP: 22/27 MP: 6/6
  1191 | D:1      | Reached XP level 4. HP: 32/33 MP: 1/7
  1254 | D:2      | Slain by a gnoll

Levels and vault maps discovered:
D:1:      dpeg_arrival_ratfight, layout_loops_ring, st_stairs_1
D:2:      minmay_skewed_foursquare, layout_basic, lemuel_round_altar

Skill      XL: |  1  2  3 |
---------------+----------+-----
Stealth        | 2 4 |  4.0
Fighting       | 2 |  2.2
Long Blades    | |  2.5
Armour         | |  0.7
Dodging        | |  2.7
Spellcasting   | |  2.0
Charms         | |  3.2

Action                   |  1- 3 |  4- 6 || total
-------------------------+-------+-------++-------
Melee: Falchion          |    89 |     3 ||    92
       Bite              |     8 |     2 ||    10
 Cast: Infusion          |    15 |     1 ||    16
 Stab: Sleeping          |     4 |       ||     4
Armor: Leather armour    |    26 |       ||    26
Dodge: Dodged            |    62 |     3 ||    65
       Rpst.: Falchion   |    16 |       ||    16

Table legend:
 A = Non-vault XP
 B = Vault XP
 C = Vault XP percentage of total XP
 D = Non-vault monster count
 E = Vault monster count
 F = Vault count percentage of total count
                 A         B        C        D         E       F
            +---------+---------+-------+---------+---------+-------
      Total |      92 |       7 |   7.1 |      25 |       7 |  21.9
            +---------+---------+-------+---------+---------+-------
        D:1 |      69 |       7 |   9.2 |      22 |       7 |  24.1
        D:2 |      23 |       0 |   0.0 |       3 |       0 |   0.0
            +---------+---------+-------+---------+---------+-------
